 Dungeon Crawl Stone Soup version 0.29-a0-284-gf9362112df (webtiles) character file.

Game seed: 14088395298793573897

59 silky the Skirmisher (level 3, 0/34 HPs)
             Began as a Minotaur Chaos Knight on Mar 30, 2022.
             Was a Plaything of Xom.
             Slain by a gnoll
             ... wielding a +0 spear
              (2 damage)
             ... on level 2 of the Dungeon.
             The game lasted 00:02:29 (1144 turns).

silky the Skirmisher (Minotaur Chaos Knight)        Turns: 1144, Time: 00:02:29

Health: 0/34       AC:  6    Str: 18    XL:     3   Next: 78%
Magic:  2/2        EV: 14    Int:  9    God:    Xom [..*...]
Gold:   86         SH:  0    Dex:  9    Spells: 2/2 levels left

rFire   . . .      SeeInvis +   a - +0 mace (chaos)
rCold   . . .      Faith    .   (no shield)
rNeg    . . .      Spirit   .   d - +0 ring mail
rPois   .          Reflect  .   (helmet restricted)
rElec   .          Harm     .   (no cloak)
rCorr   .          Rampage  .   i - +0 pair of gloves
Will    .....                   (no boots)
Stlth   ..........              (no amulet)
HPRegen 0.11/turn               g - ring of see invisible
MPRegen 0.08/turn               k - +4 ring of evasion

@: no status effects
A: horns 2, retaliatory headbutt
a: Renounce Religion


You were on level 2 of the Dungeon.
You worshipped Xom.
You were a toy of Xom.
You visited 1 branch of the dungeon, and saw 2 of its levels.

You collected 86 gold pieces.

Inventory:

Hand Weapons
 a - a +0 mace of chaos (weapon)
Armour
 d - a +0 ring mail (worn)
 i - a +0 pair of gloves (worn)
Jewellery
 g - a ring of see invisible (left hand)
 k - a +4 ring of evasion (right hand)
Scrolls
 b - a scroll of noise {unknown}
 e - a scroll of identify {unknown}
 m - a scroll of fear {unknown}
Potions
 f - a potion of degeneration {unknown}
 h - a potion of haste {unknown}
 l - a potion of resistance {unknown}
Miscellaneous
 c - a piece from Xom's chessboard (15/15) (quivered)


   Skills:
 + Level 4.5 Fighting
 + Level 4.4 Maces & Flails
 + Level 3.1 Armour
 + Level 1.4 Dodging


You had 2 spell levels left.
You didn't know any spells.
Your spell library contained the following spells:

 Spells                   Type           Power      Damage    Failure   Level
 Blink                    Tloc           0%         N/A       71%         2
 Lesser Beckoning         Tloc           0%         N/A       91%         3
 Manifold Assault         Tloc           0%         N/A       100%        5


Dungeon Overview and Level Annotations

Branches:
Dungeon (2/15)

Altars:


Innate Abilities, Weirdness & Mutations

You have a pair of horns on your head.
You reflexively headbutt those who attack you in melee.


Message History

The gnoll misses you.
The gnoll hits you from afar with a +0 spear.
The gnoll hits you with a +0 spear.
You closely miss the gnoll. The gnoll completely misses you.
The gnoll closely misses you. x2; You furiously retaliate!
You headbutt the gnoll. The gnoll hits you with a +0 spear.
The gnoll closely misses you.
You closely miss the gnoll. You headbutt the gnoll!
You kill the gnoll!
The gnoll closely misses you.
You barely miss the gnoll.
The gnoll is moderately wounded.
The gnoll barely misses you. The gnoll closely misses you.
You barely miss the gnoll.
The gnoll is moderately wounded.
The gnoll closely misses you. The gnoll misses you.
You hit the gnoll.
The gnoll is poisoned.
The gnoll is heavily wounded.
The gnoll hits you from afar with a +0 spear.
* * * LOW HITPOINT WARNING * * *
The gnoll barely misses you. You furiously retaliate!
You headbutt the gnoll. You closely miss the gnoll.
The gnoll is severely wounded.
The gnoll barely misses you. The gnoll closely misses you.
You barely miss the gnoll.
You headbutt the gnoll, but do no damage.
The gnoll is severely wounded.
The gnoll hits you from afar with a +0 spear.
* * * LOW HITPOINT WARNING * * *
The gnoll barely misses you.
You completely miss the gnoll. Your headbutt misses the gnoll.
The gnoll is severely wounded.
The gnoll closely misses you. x2; You furiously retaliate!
You headbutt the gnoll, but do no damage.
The gnoll closely misses you. The gnoll hits you with a +0 spear.
* * * LOW HITPOINT WARNING * * *
Okay, then.
It was a potion of magic.
Magic courses through your body.
The gnoll hits you from afar with a +0 spear.
You die...

.#.....#.# #######..#......
.............. .........+...>..
.#.######################.#......
.### ##......###### #........
.### #............ ##.###.## ...#
#..........# #.## .# .#.#
#........g.# #..# .# .#.#
#......g...# # ##.##.# .#.#####
.(.#@# .# #..#.# .#....<#
###.#.###+#.## ##.#.## .#######
#...)........# #....# ##
#.#.#.#......#####.#.#
#.#........+........ #
#.#......#####.#.. #
#.#.#+#####.....#. #.#.#.#.#.#
#...#.#. #.#.#.#.#.# #.......


You could see 2 gnolls.

Vanquished Creatures
  An adder (D:2)
  A gnoll (D:2)
  3 dart slugs
  4 bats
  An endoplasm (D:1)
  A giant cockroach (D:1)
  3 goblins (D:1)
  6 hobgoblins (D:1)
  2 quokkas
  6 ball pythons
  3 frilled lizards (D:1)
  2 kobolds (D:1)
  A rat (D:1)
34 creatures vanquished.

Notes
Turn   | Place    | Note
-------+----------+-------------------------------------------
     0 | D:1      | silky the Minotaur Chaos Knight began the quest for the
                  | Orb.
     0 | D:1      | Reached XP level 1. HP: 19/19 MP: 0/0
     8 | D:1      | Found a faded altar of an unknown god.
   106 | D:1      | XOM: silly message
   164 | D:1      | Reached XP level 2. HP: 26/27 MP: 1/1
   405 | D:1      | XOM: silly message
   462 | D:1      | XOM: silly message
   874 | D:1      | Reached XP level 3. HP: 33/33 MP: 2/2
  1134 | D:2      | XOM: noise
  1144 | D:2      | Slain by a gnoll

Illustrated notes

Levels and vault maps discovered:
D:1:      saegor_arrival_simple_b, layout_basic, basic_ecumenical_altar,
          hangedman_decor_points, minmay_liquid_box
D:2:      layout_basic

Skill      XL: |  1  2  3 |
---------------+----------+-----
Fighting       | 4 |  4.5
Maces & Flails | 4 |  4.4
Armour         | 3 |  3.1
Dodging        | |  1.4

Action                   || total
-------------------------++-------
Melee: Mace              ||    55
       Headbutt          ||     7
  Use: Potion            ||     1
Armor: Ring mail         ||    27
       Leather armour    ||     1
Dodge: Dodged            ||    56

Table legend: (Time is in decaauts)
 A = Elapsed time spent in this place.
 B = Non-inter-level travel time spent in this place.
 C = Inter-level travel time spent in this place.
 D = Time resting spent in this place.
 E = Time spent auto-exploring this place.
 F = Levels seen in this place.
 G = Mean time per level.
                   A        B        C        D        E       F      G
               +--------+--------+--------+--------+--------+-----+--------+
         Total |   1153 |   1135 |     18 |      0 |    816 |   2 |  576.5 |
       Dungeon |   1153 |   1135 |     18 |      0 |    816 |   2 |  576.5 |
               +--------+--------+--------+--------+--------+-----+--------+

Top non-repeatable levels by time:
     D:1: 940 daAuts
     D:2: 212 daAuts
